 Dungeon Crawl Stone Soup version 0.31-a0-115-g4708a659fe (webtiles) character file.

Game seed: 8335575454922853715

2423211 ragingrage the Acrobat (level 27, 231/231 HPs)
             Began as a Merfolk Fighter on May 29, 2023.
             Was the Champion of Okawaru.
             Escaped with the Orb
             ... and 4 runes on May 30, 2023!
             The game lasted 01:38:50 (64253 turns).

ragingrage the Acrobat (Merfolk Fighter)           Turns: 64253, Time: 01:38:51

Health: 231/231    AC: 48    Str: 22 (23) XL:     27
Magic:  25/25      EV: 32    Int:  5      God:    Okawaru [******]
Gold:   3181       SH: 18    Dex: 42      Spells: 26/30 levels left

rFire   + + .        a - +6 demon blade (drain)
rCold   + . .        y - +3 buckler {AC+3}
rNeg    + . .        c - +16 plate armour of Egisig {Harm}
rPois   +            O - +4 hat "Qunats" {Int+3 Dex+3}
rElec   .            f - scarf {rC+ rF+}
rCorr   .            h - +2 pair of gloves of the Three Servitors {Str+2 Slay+5}
SInv    .            s - +2 pair of boots {rampage}
Will    +++..        X - amulet of reflection Stlth
                     E - ring "Zetywuf" {rPois rF+ Str+2 Int-4 Dex+9}
HPRegen 0.58/turn    p - ring "Leic" {rN+ Will+ Int-2 Dex+6}
MPRegen 0.19/turn

%: harm (+30% outgoing, +20% incoming), reflection, rampage
@: studying 2 skills
A: (nimble swimmer 2), mertail, low MP 2
0: Orb of Zot
}: 4/15 runes: barnacled, slimy, silver, gossamer
a: Renounce Religion, Heroism, Finesse, Duel


You escaped.
You worshipped Okawaru.
Okawaru was exalted by your worship.
You visited 10 branches of the dungeon, and saw 52 of its levels.
You visited 1 bazaar.
You also visited: Bailey and Ice Cave.

You collected 7705 gold pieces.
You spent 4524 gold pieces at shops.

Inventory:

Hand Weapons
 a - a +6 demon blade of draining (weapon)
 Y - the +10 zealot's sword {holy, Zealotry, *Rage rN+ EV+3}
   (Okawaru gifted it to you on level 5 of the Realm of Zot)

   Zealotry:  Whenever the wielder enters a berserk rage, their allies are
   berserked alongside them.
   EV:        It affects your evasion (+3).
   rN:        It protects you from negative energy.
   *Rage:     It berserks you when you make melee attacks (+20% chance).
Missiles
 g - 5 silver javelins
 j - 20 boomerangs (quivered)
 w - 5 javelins
 V - 3 throwing nets
Armour
 c - the +16 plate armour of Egisig (worn) {Harm}
   (Okawaru gifted it to you on level 2 of the Pits of Slime)

   Harm:      It increases damage dealt and taken.
 f - a scarf of resistance (worn)
 h - the +2 pair of gloves of the Three Servitors (worn) {Str+2 Slay+5}
   (Okawaru gifted it to you on level 13 of the Dungeon)

   Str:       It affects your strength (+2).
   Slay:      It affects your accuracy & damage with ranged weapons and melee
   (+5).
 s - a +2 pair of boots of rampaging (worn)
 y - a +3 buckler of protection (worn)
 O - the +4 hat "Qunats" (worn) {Int+3 Dex+3}
   (Okawaru gifted it to you on level 2 of the Vaults)

   Int:       It affects your intelligence (+3).
   Dex:       It affects your dexterity (+3).
Jewellery
 b - the ring "Idghosips" {rF+++ rC+ rCorr MP+9 Stlth+}
   (You found it on level 5 of the Pits of Slime)

   [ring of protection from cold]

   rF:        It renders you almost immune to fire.
   rC:        It protects you from cold.
   MP:        It affects your magic capacity (+9).
   rCorr:     It protects you from acid and corrosion.
   Stlth:     It makes you more stealthy.
 l - the ring "Jaloc" {AC+4 Str+2 Dex+4}
   (You found it on level 5 of the Pits of Slime)

   [ring of protection]

   AC:        It affects your AC (+4).
   Str:       It affects your strength (+2).
   Dex:       It affects your dexterity (+4).
 m - the ring "Tomeoviq" {Dex+3 SInv}
   (You took it off a deep elf high priest on level 5 of the Vaults)

   [ring of see invisible]

   Dex:       It affects your dexterity (+3).
   SInv:      It lets you see invisible.
 p - the ring "Leic" (right hand) {rN+ Will+ Int-2 Dex+6}
   (You took it off a spriggan defender on level 2 of the Depths)

   [ring of willpower]

   Int:       It affects your intelligence (-2).
   Dex:       It affects your dexterity (+6).
   rN:        It protects you from negative energy.
   Will:      It increases your willpower.
 E - the ring "Zetywuf" (left hand) {rPois rF+ Str+2 Int-4 Dex+9}
   (You found it on level 5 of the Pits of Slime)

   [ring of protection from fire]

   Str:       It affects your strength (+2).
   Int:       It affects your intelligence (-4).
   Dex:       It affects your dexterity (+9).
   rF:        It protects you from fire.
   rPois:     It protects you from poison.
 X - an amulet of reflection (around neck)
Wands
 i - a wand of digging (22)
 H - a wand of iceblast (50)
 N - a wand of acid (33)
 S - a wand of polymorph (31)
Scrolls
 e - 5 scrolls of fog
 n - 15 scrolls of fear
 o - 2 scrolls of silence
 r - 30 scrolls of teleportation
 v - 4 scrolls of blinking
 z - 3 scrolls of immolation
 K - 4 scrolls of magic mapping
 M - 5 scrolls of amnesia
 P - 5 scrolls of poison
 U - 4 scrolls of enchant weapon
Potions
 d - 6 potions of might
 k - 9 potions of enlightenment
 q - 6 potions of magic
 u - 24 potions of curing
 x - 2 potions of berserk rage
 A - 5 potions of attraction
 B - 9 potions of brilliance
 C - 6 potions of cancellation
 D - 3 potions of invisibility
 F - 11 potions of heal wounds
 G - 2 potions of resistance
 I - 3 potions of mutation
 L - a potion of lignification
 R - 5 potions of ambrosia
 T - a potion of haste
Miscellaneous
 Q - a lightning rod (4/4)
 W - a phial of floods
 Z - a condenser vane


   Skills:
 - Level 22.0 Fighting
 - Level 4.4(15.0) Short Blades
 - Level 21.8(22.0) Long Blades
 - Level 16.0 Throwing
 + Level 17.9 Armour
 - Level 22.0 Dodging
 - Level 5.0 Stealth
 - Level 9.0 Shields
 - Level 2.0 Spellcasting
 - Level 12.0 Translocations
 - Level 12.0 Transmutations
 - Level 11.0 Invocations
 - Level 15.0 Evocations


You had 26 spell levels left.
You knew the following spells:

 Your Spells              Type           Power      Damage    Failure   Level
a - Wereblood             Tmut           12%        N/A       4%          2
b - Blink                 Tloc           24%        N/A       4%          2

Your spell library contained the following spells:

 Spells                   Type           Power      Damage    Failure   Level
 Apportation              Tloc           24%        N/A       2%          1
 Beastly Appendage        Tmut           24%        N/A       2%          1
 Lesser Beckoning         Tloc           24%        N/A       4%          2
 Momentum Strike          Conj/Tloc      12%        3d8       43%         2
 Passwall                 Tmut/Erth      5%         N/A       43%         2
 Spider Form              Tmut/Pois      6%         N/A       67%         3
 Vhi's Electric Charge    Tloc/Air       12%        N/A       67%         3
 Volatile Blastmotes      Fire/Tloc      12%        2d11      67%         3
 Ignite Poison            Fire/Tmut/Pois 4%         N/A       91%         3
 Ice Form                 Ice/Tmut       6%         N/A       97%         4
 Iskenderun's Mystic Bla  Conj/Tloc      6%         2d4       97%         4
 Kiss of Death            Conj/Necr      0%         2d5       98%         1
 Magic Dart               Conj           0%         1d3       98%         1
 Necrotise                Necr           0%         1d4       98%         1
 Sandblast                Erth           0%         2d4       98%         1
 Slow                     Hex            0%         N/A       98%         1
 Cigotuvi's Dreadful Rot  Necr/Pois/Air  0%         N/A       99%         2
 Scorch                   Fire           0%         2d5       99%         2
 Searing Ray              Conj           0%         2d4       99%         2
 Static Discharge         Conj/Air       0%         2-2/arc   99%         2
 Confusing Touch          Hex            0%         N/A       100%        3
 Dazzling Flash           Conj/Hex       0%         N/A       100%        3
 Hailstorm                Conj/Ice       0%         3d3       100%        3
 Inner Flame              Hex/Fire       0%         N/A       100%        3
 Ozocubu's Armour         Ice            0%         N/A       100%        3
 Stone Arrow              Conj/Erth      0%         3d7       100%        3
 Vampiric Draining        Necr           0%         2d6       100%        3
 Airstrike                Air            0%         2d(0-16)  100%        4
 Cause Fear               Hex            0%         N/A       100%        4
 Dispel Undead            Necr           0%         3d6       100%        4
 Fulminant Prism          Conj/Hex       0%         3d5       100%        4
 Leda's Liquefaction      Hex/Erth       0%         N/A       100%        4
 Alistair's Intoxication  Tmut/Pois      4%         N/A       100%        5
 Arcjolt                  Conj/Air       0%         1d10      100%        5
 Borgnjor's Vile Clutch   Necr/Erth      0%         N/A       100%        5
 Freezing Cloud           Conj/Ice/Air   0%         6-21      100%        5
 Lee's Rapid Deconstruct  Erth           0%         3d4*      100%        5
 Yara's Violent Unravell  Hex/Tmut       3%         3d4       100%        5
 Conjure Ball Lightning   Conj/Air       0%         3x3d6     100%        6
 Eringya's Noxious Bog    Tmut/Pois      3%         N/A       100%        6
 Leda's Unmaking          Conj/Erth      0%         9d1       100%        6
 Plasma Beam              Fire/Air       0%         2x1d11    100%        6
 Starburst                Conj/Fire      0%         6d3       100%        6
 Statue Form              Tmut/Erth      4%         N/A       100%        6
 Dragon Form              Tmut           6%         N/A       100%        7
 Enfeeble                 Hex            0%         N/A       100%        7
 Ozocubu's Refrigeration  Ice            0%         4d7       100%        7
 Borgnjor's Revivificati  Necr           0%         N/A       100%        8
 Discord                  Hex            0%         N/A       100%        8
 Disjunction              Tloc           6%         N/A       100%        8
 Ignition                 Fire           0%         3d3       100%        8
 Necromutation            Tmut/Necr      3%         N/A       100%        8
 Death's Door             Necr           0%         N/A       100%        9
 Polar Vortex             Ice            0%         N/A       100%        9
 Summon Small Mammal      Summ           Unusable   N/A       N/A         1
 Animate Dead             Necr           Unusable   N/A       N/A         4
 Summon Lightning Spire   Summ/Air       Unusable   N/A       N/A         4
 Death Channel            Necr           Unusable   N/A       N/A         6
 Simulacrum               Ice/Necr       Unusable   N/A       N/A         6
 Dragon's Call            Summ           Unusable   N/A       N/A         9

Dungeon Overview and Level Annotations

Branches:
Dungeon (15/15)            Temple (0/1) D:4            Lair (5/5) D:10
 Shoals (4/4) Lair:2       Spider (4/4) Lair:2        Slime (5/5) Lair:5
    Orc (2/2) D:10            Elf (3/3) Orc:2        Vaults (5/5) D:13
  Crypt (0/3) Vaults:3     Depths (4/4) D:15            Zot (5/5) Depths:4
 Bailey (visited)           IceCv (visited)

Altars:
Cheibriados
Elyvilon
Gozag
Hepliaklqana
Makhleb
Okawaru
Qazlal
Uskayaw
Vehumet
Wu Jian
Xom
Zin
Jiyva
Lugonu

Shops:
D:6 *   D:8 :   D:10 *   D:12 *   D:15 *   Orc:2 [(*?   Shoals:1 *!(
Vaults:2 :(*   Vaults:4 [[(!   Depths:2 [!*

Portals:
Hell: Depths:1 Depths:2 Depths:3 Depths:4
Abyss: Depths:3 Depths:4
Pandemonium: Depths:1 Depths:2 Depths:3
Ziggurat: Depths:4

Annotations:
D:4 exclusion: downstairs
Shoals:3 exclusion: downstairs
Elf:2 3 runed translucent doors
Zot:4 exclusion: downstairs


Innate Abilities, Weirdness & Mutations

((You are very nimble when in or above water. (Stealth+, EV+, Speed+++)))
Your lower body shifts to a powerful aquatic tail in water.
Your magical capacity is very low. (-20% MP)


Message History

The hell hound breathes flames at you.
The blast of flame hits you but does no damage.
You climb upwards.
Level annotation: exclusion: downstairs
There is a stone staircase leading down here.
You open the hell hound like a pillowcase!!!
You kill the hell hound!
Okawaru accepts your kill.
No target in view!
A hellion comes into view.
Unknown command.
You rampage towards the hellion!
You rampage towards the hellion!
You slash the hellion! You hit the hellion but do no damage.
The hellion gestures at you.
The sphere of damnation explodes!
The damnation engulfs you!!
The damnation engulfs the hellion.
The hellion completely resists.
You carve the hellion like a ham!!!
You kill the hellion!
Okawaru accepts your kill.
(D) Dungeon (T) Temple (L) Lair (A) Shoals (N) Spider Nest (M) Slime Pits (O) Orcish Mines (E) Elven Halls (V) Vaults (C) Crypt (U) Depths (H) Hell (Z) Zot
Where to? (Enter - D:1 @ (x,y), ? - help)
There is a stone staircase leading down here.
There is a stone staircase leading up here.
You climb upwards.
There is a stone staircase leading down here.
You see here a +0 chain mail.
There is a stone staircase leading up here.
You climb upwards.
There is a stone staircase leading down here.
You see here a +0 club.
There is a stone staircase leading up here.
You climb upwards.
There is a stone staircase leading down here.
There is an escape hatch in the floor here.
There is a staircase leading out of the dungeon here.
You have escaped!

#.# #.##..............# #.#
####.#......##.###...# #.#
#.........#....# #...# #.#
######.##.#...>..##)# #...# #.#
#...............###.###...# #.#
#.####...................#. #.#
#.# ##########.####.....###
##.####.# #.#.#### #.# #####..#.
#.......# ##....@# #.# ###...#
...#########.##.####.# #.....#
#........##.###..#..#######.#...#
#.######.##.####...###..........#
......##.##..# #.### ######.#...#
#.###.##.###.# #.# ### #.#...#
#.# #.##..##.###.#####.####.#...#
#.# #.#####...#...'.##..........#
#.# #.....###....###.#...........


There were no monsters in sight!

Vanquished Creatures
  Dissolution (Slime:2)
  the Royal Jelly (Slime:5)
  A dread lich (Vaults:5)
  3 ancient liches (Vaults:5)
  3 orbs of fire (Zot:5)
  A juggernaut (Depths:2)
  Bai Suzhen (Spider:3)
  7 Killer Klowns (Zot:5)
  A curse toe (Zot:4)
  2 caustic shrikes
  12 golden dragons
  the Enchantress (Depths:4)
  An electric golem (Zot:5)
  13 tentacled monstrosities
  A walking crystal tome (Depths:2)
  Mlioglotl (Shoals:1)
  An Ice Fiend (D:15)
  27 Orb Guardians
  Rupert (Orc:2)
  2 liches
  A walking divine tome (Depths:2)
  4 quicksilver dragons
  A walking frostbound tome (Depths:2)
  A deep elf blademaster (Elf:3)
  10 acid blobs
  3 titans (Vaults:5)
  3 deep elf master archers (Elf:3)
  12 death cobs
  2 krakens (Shoals:1)
  4 sphinxes
  12 storm dragons
  6 tengu reavers
  10 shadow dragons
  Roxanne (Spider:3)
  Ilsuiw (Shoals:4)
  8 azure jellies
  A revenant (Vaults:3)
  12 draconian monks
  5 rockslimes
  A fire giant (shapeshifter) (Vaults:5)
  A fenstrider witch (Shoals:2)
  3 draconian knights
  6 fire giants
  5 deep elf sorcerers (Elf:3)
  3 emperor scorpions
  5 draconian scorchers
  2 iron dragons
  Louise (Spider:3)
  10 frost giants
  9 draconian shifters
  24 vault wardens
  6 ghost moths
  Aizul (Shoals:1)
  3 orc warlords
  5 spriggan defenders
  5 deep elf elementalists (Elf:3)
  20 ironbound preservers
  A balrug (Depths:1)
  4 war gargoyles
  4 broodmothers
  8 draconian annihilators
  9 quicksilver oozes
  12 stone giants
  A reaper (D:15)
  6 draconian stormcallers
  23 very ugly things
  9 formless jellyfish
  4 deep elf demonologists
  5 ironbound thunderhulks
  9 green draconians
  14 black draconians
  4 vampire knights
  3 deep elf annihilators (Elf:3)
  13 purple draconians
  17 red draconians
  4 dire elephants
  2 pale draconians (Depths:4)
  13 white draconians
  A spark wasp (shapeshifter) (Depths:2)
  8 deep elf death magi
  17 yellow draconians
  11 spark wasps
  A green death (Depths:3)
  10 fire dragons
  Snorg (D:11)
  5 merfolk javelineers
  11 merfolk impalers
  7 great orbs of eyes
  38 vault guards
  13 ettins
  15 yaktaur captains
  4 entropy weavers
  15 ice dragons
  7 deep elf high priests
  Josephine (D:15)
  The ghost of CowFu the Fighter, a journeyman DjIE of Makhleb (D:10)
  2 peacekeepers (Vaults:4)
  5 rakshasas
  An anaconda (shapeshifter) (Vaults:5)
  4 ogre magi
  A jorogumo (Spider:1)
  10 ironbound frosthearts
  A hydra (D:8)
  9 spriggan air magi
  A catoblepas (Lair:1)
  2 merfolk avatars (Shoals:4)
  5 merfolk aquamancers
  A radroach (Spider:3)
  2 satyrs (Shoals:4)
  8 boulder beetles
  9 death yaks
  3 alligator snapping turtles (Shoals:4)
  6 centaur warriors
  4 tengu warriors
  13 two-headed ogres
  6 deep troll earth magi
  10 dancing weapons
  5 deep troll shamans
  5 spriggan berserkers
  2 orc high priests
  A vampire mage (Vaults:3)
  7 iron trolls
  3 hell knights
  7 spriggans
  5 skysharks
  7 pharaoh ants
  12 deep elf knights
  A sixfirhy (Depths:3)
  10 skeletal warriors
  A salamander mystic (Depths:3)
  15 sea snakes
  A deep troll (shapeshifter) (Elf:2)
  47 deep trolls
  12 orb spiders
  3 sun moths
  An orb spider (shapeshifter) (Depths:2)
  A swamp dragon (shapeshifter) (Vaults:5)
  4 bog bodies
  7 glowing orange brains
  12 deep elf archers
  A spriggan simulacrum (D:15)
  A sea snake (shapeshifter) (Vaults:5)
  4 steelbarb worms
  A swamp dragon (Lair:5)
  25 ironbound convokers
  7 wizards
  A flayed ghost (Vaults:5)
  5 lindwurms
  An obsidian statue (IceCv)
  4 phantasmal warriors (Vaults:5)
  9 orc knights
  23 harpies
  37 deep elf pyromancers
  4 necromancers
  20 deep elf zephyrmancers
  35 ugly things
  5 orc sorcerers
  A wolf spider (shapeshifter) (Depths:2)
  18 wolf spiders
  A cyclops (shapeshifter) (Elf:2)
  A tengu skeleton (Vaults:1)
  3 shining eyes
  A manticore (shapeshifter) (Vaults:4)
  6 fauns
  14 manticores
  4 cyclopes
  28 moths of wrath
  Maurice (D:11)
  A rust devil (Depths:3)
  3 salamanders (Depths:3)
  15 elephants
  5 demonic crawlers
  3 black mambas
  A water nymph (shapeshifter) (Vaults:5)
  2 water nymphs
  6 merfolk sirens
  2 torpor snails (shapeshifter)
  16 vault sentinels
  An orange demon (Depths:3)
  5 eyes of devastation
  A hellion (D:4)
  19 cane toads
  2 smoke demons (Depths:1)
  An efreet (D:13)
  4 torpor snails
  A tormentor (Zot:5)
  A kobold demonologist (D:12)
  3 anaconda simulacra
  2 rime drakes
  A yaktaur zombie (Vaults:1)
  18 freezing wraiths
  3 ice devils
  5 komodo dragons
  23 yaktaurs
  35 merfolk
  2 tengu conjurers (Depths:2)
  9 polar bears
  A tyrant leech (shapeshifter) (Vaults:1)
  13 trolls
  A meliai (shapeshifter) (Elf:1)
  3 hellwings (Depths:3)
  4 wind drakes
  26 tarantellas
  A snapping turtle (shapeshifter) (Depths:4)
  17 hornets
  2 dream sheep (Lair:5)
  An ettin zombie (Vaults:1)
  A deep troll zombie (Vaults:1)
  18 blink frogs
  A dream sheep (shapeshifter) (Depths:3)
  A centaur simulacrum (D:14)
  A jumping spider (shapeshifter) (Vaults:5)
  7 snapping turtles
  24 jumping spiders
  51 slime creatures
  Sigmund (D:6)
  6 air elementals
  A culicivora (shapeshifter) (Depths:2)
  24 culicivoras
  4 dire elephant simulacra (IceCv)
  16 water elementals
  2 shadows
  5 wraiths
  A yak (shapeshifter) (D:14)
  3 vampires (D:12)
  20 humans (D:13)
  32 yaks
  8 steam dragons
  4 wyverns
  2 golden eyes
  6 fire elementals
  4 basilisks
  55 redbacks
  7 vampire mosquitoes (D:11)
  A neqoxec (Depths:3)
  A glowing shapeshifter zombie (Vaults:1)
  A swamp worm (shapeshifter) (Elf:3)
  6 acid dragons
  4 minotaur simulacra
  A warg (Vaults:5)
  5 harpy simulacra (IceCv)
  A hell hound (D:4)
  16 water moccasins
  A hydra simulacrum (IceCv)
  2 floating eyes (Slime:3)
  4 swamp drakes (Lair:5)
  3 black bears
  39 orc warriors
  2 ice beasts
  7 alligator simulacra
  2 ettin simulacra (IceCv)
  20 wolves
  27 ogres
  9 centaurs
  3 phantoms (D:4)
  2 kobold brigands
  14 bullfrogs
  3 earth elementals
  2 gnoll sergeants
  5 deep troll simulacra
  A scorpion (D:7)
  8 wights
  3 lindwurm simulacra (IceCv)
  7 killer bees
  11 howler monkeys
  3 electric eels
  3 hounds (D:6)
  3 jellies
  23 orc priests
  A gnoll bouda (D:6)
  4 sleepcaps
  10 iguanas
  30 orc wizards
  A hell rat (D:10)
  13 gnolls
  10 adders
  2 white imps
  An ufetubus (D:5)
  A dart slug (D:3)
  92 orcs
  3 endoplasms
  A giant cockroach (D:2)
  8 goblins
  5 hobgoblins
  4 jackals (D:4)
  3 quokkas
  11 ball pythons
  5 bats
  4 frilled lizards
  25 kobolds
  6 rats
  A spectral weapon (Zot:5)
  5 tentacles (Shoals:1)
2205 creatures vanquished.

Vanquished Creatures (others)
  A draconian knight (Zot:1)
  A deep elf knight (Elf:3)
  A deep elf pyromancer (Elf:3)
  A wizard (Vaults:2)
  A merfolk (Shoals:4)
  A culicivora (Spider:3)
  A spriggan (Depths:4)
  A kobold brigand (D:6)
  A gnoll (D:6)
  An orc (Orc:1)
  15 tentacles (Shoals:1)
25 creatures vanquished.

Grand Total: 2230 creatures vanquished

Notes
Turn   | Place    | Note
-------+----------+-------------------------------------------
     0 | D:1      | ragingrage the Merfolk Fighter began the quest for the Orb.
     0 | D:1      | Reached XP level 1. HP: 18/18 MP: 1/1
    84 | D:1      | Reached XP level 2. HP: 24/24 MP: 2/2
   506 | D:1      | Reached XP level 3. HP: 29/29 MP: 3/3
   898 | D:1      | Found a faded altar of an unknown god.
  1275 | D:2      | Reached skill level 5 in Long Blades
  1275 | D:2      | Reached XP level 4. HP: 35/35 MP: 4/4
  1393 | D:2      | You fall into a shaft and drop 1 floor!
  2370 | D:3      | Reached XP level 5. HP: 38/41 MP: 5/5
  3013 | D:4      | Found an iron altar of Okawaru.
  3064 | D:4      | Found a staircase to the Ecumenical Temple.
  3076 | D:4      | Became a worshipper of Warmaster Okawaru
  3149 | D:4      | Noticed a phantom
  3161 | D:4      | Killed a phantom
  3162 | D:4      | Reached XP level 6. HP: 44/47 MP: 6/6
  3371 | D:4      | Found a stormy altar of Qazlal.
  3558 | D:5      | Entered Level 5 of the Dungeon
  3562 | D:5      | Noticed an ice beast
  3674 | D:5      | Reached * piety under Okawaru
  3675 | D:5      | Reached XP level 7. HP: 39/52 MP: 7/7
  4165 | D:6      | Noticed Sigmund
  4201 | D:5      | Reached skill level 10 in Long Blades
  4415 | D:5      | Reached XP level 8. HP: 55/58 MP: 8/8
  4460 | D:5      | Reached ** piety under Okawaru
  5426 | D:6      | Reached skill level 1 in Invocations
  5471 | D:6      | Killed Sigmund
  5536 | D:6      | Reached XP level 9. HP: 21/64 MP: 9/11
  5709 | D:6      | Found Ycsor's CLEARANCE SALE!.
  5715 | D:6      | Bought a potion of curing for 12 gold pieces
  5788 | D:6      | Found a radiant altar of Vehumet.
  6682 | D:7      | Found a snail-covered altar of Cheibriados.
  6685 | D:7      | Found a hazy altar of Hepliaklqana.
  6691 | D:7      | Found an ornate altar of the Wu Jian Council.
  6694 | D:7      | Found a glowing silver altar of Zin.
  6696 | D:7      | Found a white marble altar of Elyvilon.
  6701 | D:7      | Found a shimmering altar of Xom.
  6732 | D:7      | Reached *** piety under Okawaru
  7022 | D:7      | Reached skill level 1 in Short Blades
  7420 | D:8      | Noticed a seven-headed hydra
  7420 | D:8      | Noticed a green ugly thing
  7459 | D:8      | Reached skill level 1 in Dodging
  7485 | D:7      | Reached skill level 1 in Stealth
  7747 | D:8      | Reached **** piety under Okawaru
  7748 | D:8      | Reached XP level 10. HP: 45/71 MP: 13/13
  8035 | D:8      | Identified the +4 quarterstaff "Ajinyu" {flame, rN+ MP+9
                  | Str+2}
  8206 | D:8      | Noticed a centaur warrior
  8215 | D:8      | Killed a centaur warrior
  8216 | D:8      | Reached skill level 5 in Invocations
  8364 | D:8      | Killed a one-headed hydra
  8365 | D:8      | Reached skill level 5 in Fighting
  8365 | D:8      | Reached skill level 1 in Throwing
  8672 | D:8      | Killed a green ugly thing
  8672 | D:8      | Reached ***** piety under Okawaru
  9276 | D:8      | Reached skill level 5 in Dodging
  9366 | D:8      | Reached XP level 11. HP: 80/80 MP: 15/15
  9517 | D:8      | Found Momeb's Tremendous Tomes.
  9690 | D:9      | Reached skill level 5 in Shields
  9748 | D:9      | Received a gift from Okawaru
 10049 | D:9      | Found a burning altar of Makhleb.
 10185 | D:9      | Noticed a two-headed ogre
 10210 | D:9      | Killed a two-headed ogre
 10211 | D:9      | Reached skill level 5 in Stealth
 10963 | D:10     | Entered Level 10 of the Dungeon
 10963 | D:10     | Found a staircase to the Orcish Mines.
 11027 | D:10     | Found Xicrusem's Assorted Antiques.
 11032 | D:10     | Bought a fluorescent wand for 112 gold pieces
 11032 | D:10     | Bought a wand of iceblast (5) for 336 gold pieces
 11050 | D:10     | Found a flagged portal.
 11056 | D:10     | Identified the +5 hand axe of the Four Xenophobes {venom,
                  | rN+ MP+9 Int-2 SInv}
 11093 | Bailey   | Entered a bailey
 11124 | Bailey   | Noticed an orc warlord
 11239 | Bailey   | Found a runed translucent gate.
 11258 | Bailey   | Found a runed translucent gate.
 11259 | Bailey   | Found a runed translucent gate.
 11272 | Bailey   | Reached skill level 5 in Throwing
 11483 | Bailey   | Killed an orc warlord
 11645 | Bailey   | Acquired a +6 demon blade of venom
 11662 | D:10     | Noticed a death yak
 11692 | D:10     | Killed a death yak
 11748 | D:10     | Found a hide-covered altar of Uskayaw.
 11751 | D:10     | Noticed a death yak
 11761 | D:10     | Noticed a death yak
 11765 | D:10     | Killed a death yak
 11774 | D:10     | Killed a death yak
 11909 | D:10     | Found a staircase to the Lair.
 11997 | D:10     | Noticed a two-headed ogre
 12006 | D:10     | Killed a two-headed ogre
 12007 | D:10     | Reached skill level 5 in Armour
 12184 | D:10     | Noticed a two-headed ogre
 12191 | D:10     | Killed a two-headed ogre
 12192 | D:10     | Reached XP level 12. HP: 84/92 MP: 16/16
 12289 | D:10     | Found a runed translucent door.
 12293 | D:10     | Noticed CowFu's ghost (journeyman DjIE)
 12410 | D:10     | Noticed a two-headed ogre
 12415 | D:10     | Killed a two-headed ogre
 12535 | D:10     | Received a gift from Okawaru
 13054 | Lair:1   | Entered Level 1 of the Lair of Beasts
 13367 | Lair:1   | Found a hazy altar of Hepliaklqana.
 13450 | Lair:1   | Identified the +6 plate armour of Zuygg {rPois Will++
                  | Regen+} (Okawaru gifted it to you on level 1 of the Lair of
                  | Beasts)
 13450 | Lair:1   | Received a gift from Okawaru
 13469 | Lair:1   | Noticed a catoblepas
 13513 | Lair:1   | Killed a catoblepas
 14062 | Lair:2   | Reached skill level 10 in Dodging
 14239 | Lair:2   | Reached XP level 13. HP: 101/102 MP: 17/17
 14267 | Lair:2   | Found a hole to the Spider Nest.
 14280 | Lair:2   | Reached ****** piety under Okawaru
 14581 | Lair:2   | Found a staircase to the Shoals.
 14673 | Lair:2   | Reached skill level 10 in Fighting
 15129 | Lair:3   | Received a gift from Okawaru
 15470 | Lair:3   | Received a gift from Okawaru
 15960 | Lair:4   | Received a gift from Okawaru
 15977 | Lair:4   | Reached XP level 14. HP: 92/110 MP: 18/18
 16175 | Lair:4   | Received a gift from Okawaru
 16572 | Lair:5   | Entered Level 5 of the Lair of Beasts
 16765 | Lair:5   | Reached skill level 10 in Armour
 16877 | Lair:5   | Received a gift from Okawaru
 17197 | Lair:5   | Identified the +1 battleaxe of Generosity {speed, rElec rF+
                  | rN+ Int+2}
 17353 | Lair:5   | Found a viscous altar of Jiyva.
 17353 | Lair:5   | Found a staircase to the Slime Pits.
 17650 | Orc:1    | Entered Level 1 of the Orcish Mines
 18145 | Orc:1    | Noticed an orc warlord
 18353 | D:10     | Killed an orc warlord
 18409 | Orc:1    | Reached skill level 1 in Evocations
 18429 | Orc:1    | Identified the +5 falchion of the Warrior {spect, *Slow
                  | rElec rN+++ Will+} (Okawaru gifted it to you on level 1 of
                  | the Orcish Mines)
 18429 | Orc:1    | Received a gift from Okawaru
 18775 | Orc:2    | Entered Level 2 of the Orcish Mines
 18842 | Orc:2    | Noticed Rupert
 18858 | Orc:2    | Killed Rupert
 18997 | Orc:2    | Reached XP level 15. HP: 32/117 MP: 20/20
 19095 | Orc:2    | Found Qifutil's Assorted Antiques.
 19107 | Orc:2    | Found Ovatehump's Magic Scroll Boutique.
 19132 | Orc:2    | Received a gift from Okawaru
 19243 | Orc:2    | Found Baumuloph's Antique Weapon Emporium.
 19256 | Orc:2    | Bought a forked copper wand for 128 gold pieces
 19261 | Orc:2    | Bought a scroll of noise for 12 gold pieces
 19262 | Orc:2    | Bought a scroll of poison for 48 gold pieces
 19277 | Orc:2    | Found Ufyzyff's Armour Shop.
 19284 | Orc:2    | Found a burning altar of Makhleb.
 19615 | Orc:2    | Found a staircase to the Elven Halls.
 20068 | Orc:2    | Bought a lightning rod (4/4) for 960 gold pieces
 20163 | D:10     | Killed CowFu's ghost
 20349 | D:11     | Noticed Snorg
 20360 | D:11     | Killed Snorg
 20485 | D:11     | Noticed Maurice
 20496 | D:11     | Killed Maurice
 21837 | D:12     | Found Line's Blood Bar.
 22098 | D:13     | Learned a level 2 spell: Blink
 22180 | D:13     | Reached skill level 5 in Evocations
 22193 | D:13     | Identified the +3 demon blade of Kysain {venom, Contam
                  | Dex+6} (Okawaru gifted it to you on level 13 of the
                  | Dungeon)
 22193 | D:13     | Received a gift from Okawaru
 22511 | D:13     | Found a gate to the Vaults.
 22522 | D:13     | Identified the +2 pair of gloves of the Three Servitors
                  | {Str+2 Slay+5} (Okawaru gifted it to you on level 13 of the
                  | Dungeon)
 22522 | D:13     | Received a gift from Okawaru
 22797 | D:14     | Reached XP level 16. HP: 127/127 MP: 22/22
 22815 | D:14     | Got the Handbook of the Spectral Summer
 23605 | D:15     | Entered Level 15 of the Dungeon
 23653 | D:15     | Noticed Josephine
 23658 | D:15     | Killed Josephine
 23935 | D:15     | Found a frozen archway.
 23994 | IceCv    | Entered an ice cave
 24594 | IceCv    | Received a gift from Okawaru
 24711 | IceCv    | Found an ancient bone altar of Kikubaaqudgha.
 24863 | IceCv    | Identified the +12 demon blade of the Forgotten Beds
                  | {venom, rElec rC++ Dex+2} (Okawaru gifted it to you in an
                  | ice cave)
 24863 | IceCv    | Received a gift from Okawaru
 25091 | IceCv    | Noticed a lich
 25108 | IceCv    | Killed a lich
 25109 | IceCv    | Reached skill level 10 in Invocations
 25122 | IceCv    | Reached skill level 15 in Dodging
 25612 | D:15     | Found a staircase to the Depths.
 25915 | D:15     | Found an opulent altar of Gozag.
 25920 | D:15     | Found Gozag's Platinum Reserve.
 26103 | Shoals:1 | Entered Level 1 of the Shoals
 26103 | Shoals:1 | Found Wesacoz's General Store.
 26117 | Shoals:1 | Noticed a kraken
 26236 | Shoals:1 | Noticed Mlioglotl
 26257 | Shoals:1 | Killed Mlioglotl
 26339 | Shoals:1 | Bought a scroll of teleportation for 36 gold pieces
 26339 | Shoals:1 | Bought a scroll of poison for 48 gold pieces
 26465 | Shoals:1 | Found Coplomme's Antique Weapon Boutique.
 26474 | Shoals:1 | Reached skill level 10 in Throwing
 26529 | Shoals:1 | Identified the +0 hat of Barnacled Curiosity {*Slow Str+4
                  | SInv} (Okawaru gifted it to you on level 1 of the Shoals)
 26529 | Shoals:1 | Received a gift from Okawaru
 26575 | Shoals:1 | Noticed Aizul
 26593 | Shoals:1 | Found Kymatooh's Distillery.
 26606 | Shoals:1 | Killed Aizul
 26826 | Shoals:1 | Reached XP level 17. HP: 75/137 MP: 25/25
 26873 | Shoals:1 | Noticed a kraken
 27094 | Shoals:1 | Killed a kraken
 27305 | Shoals:1 | Killed a kraken
 27719 | Shoals:2 | Reached skill level 1 in Translocations
 28546 | Shoals:3 | Identified the +5 scale mail of Vexation {rElec}
 29235 | Shoals:4 | Entered Level 4 of the Shoals
 30096 | Shoals:4 | Received a gift from Okawaru
 30626 | Shoals:4 | Got a barnacled rune of Zot
 31288 | Shoals:4 | Reached XP level 18. HP: 135/147 MP: 26/26
 31335 | Shoals:4 | Identified the staff of death "Mastryfe" {rN+ Int+3}
 31426 | Shoals:4 | Noticed Ilsuiw
 31437 | Shoals:4 | Killed Ilsuiw
 31923 | Spider:1 | Entered Level 1 of the Spider Nest
 31926 | Spider:1 | Received a gift from Okawaru
 31973 | Spider:1 | Reached skill level 15 in Long Blades
 32865 | Spider:3 | Noticed Roxanne
 33037 | Spider:3 | Killed Roxanne
 33037 | Spider:3 | Received a gift from Okawaru
 33093 | Spider:3 | Noticed Bai Suzhen
 33111 | Spider:3 | Killed Bai Suzhen
 33143 | Spider:3 | Identified the +0 cloak "Qadikol" {-Tele Contam rCorr
                  | Str+5} (Okawaru gifted it to you on level 3 of the Spider
                  | Nest)
 33143 | Spider:3 | Received a gift from Okawaru
 33263 | Spider:3 | Reached skill level 15 in Fighting
 33729 | Spider:3 | Noticed Louise
 33755 | Spider:3 | Killed Louise
 33842 | Spider:3 | Reached skill level 5 in Translocations
 34043 | Spider:4 | Entered Level 4 of the Spider Nest
 34277 | Spider:4 | Identified the +6 hand crossbow of Quidaek {penet, Str+3
                  | Int+2} (Okawaru gifted it to you on level 4 of the Spider
                  | Nest)
 34277 | Spider:4 | Received a gift from Okawaru
 34286 | Spider:4 | Reached XP level 19. HP: 148/155 MP: 27/27
 35163 | Spider:4 | Received a gift from Okawaru
 35454 | Spider:4 | Identified the +2 robe "Nut Nam" {Dex+4} (Okawaru gifted it
                  | to you on level 4 of the Spider Nest)
 35454 | Spider:4 | Received a gift from Okawaru
 35473 | Spider:4 | Identified the +1 pair of gloves of Tentacled Knowledge
                  | {rElec Will+}
 35593 | Spider:4 | Got a gossamer rune of Zot
 35879 | Elf:1    | Entered Level 1 of the Elven Halls
 36841 | Elf:2    | Identified the +0 plate armour "Woekhlit" {Harm Fly rElec
                  | rF-}
 37155 | Elf:2    | Received a gift from Okawaru
 37338 | Elf:2    | Found a runed translucent gate.
 37338 | Elf:2    | Found a runed translucent gate.
 37338 | Elf:2    | Found a runed translucent gate.
 37417 | Elf:3    | Entered Level 3 of the Elven Halls
 37646 | Elf:3    | Reached XP level 20. HP: 149/162 MP: 28/28
 37863 | Elf:3    | Paralysed by an air elemental for 1 turns
 38243 | Arena    | Entered the Arena
 38450 | Elf:3    | Identified the +5 scimitar of the Warrior {antimagic, rN+
                  | Int+3} (Okawaru gifted it to you on level 3 of the Elven
                  | Halls)
 38450 | Elf:3    | Received a gift from Okawaru
 38468 | Elf:3    | Reached skill level 10 in Evocations
 38738 | Elf:3    | Identified the amulet of Racyocet {RegenMP Fly rCorr Str+6}
 38749 | Elf:3    | Identified the staff of fire "Sunwaag" {rF+ Stlth+}
 38781 | Elf:3    | Identified the ring "Elong" {Fire rN+ Int-4 Dex+3}
 38835 | Elf:3    | Identified the +9 sling of Untimely Demise {heavy, rN+
                  | Int+2}
 38838 | Elf:3    | Identified the staff of earth "Yptauje" {rElec rC+ Will++}
 38871 | Elf:3    | Identified the +8 spear of the Hammering Madman {protect,
                  | rPois Str+3}
 38912 | Elf:3    | Identified the staff of poison "Zuopn" {rPois Int+3}
 39495 | Vaults:1 | Entered Level 1 of the Vaults
 39651 | Vaults:1 | Received a gift from Okawaru
 40396 | Vaults:1 | Received a gift from Okawaru
 40819 | Vaults:2 | Found Afahom's Antique Weapon Emporium.
 40849 | Vaults:2 | Received a gift from Okawaru
 40973 | Vaults:2 | Received a gift from Okawaru
 41002 | Vaults:2 | Reached XP level 21. HP: 148/168 MP: 29/29
 41126 | Vaults:2 | Found a flickering gateway to a bazaar.
 41141 | Bazaar   | Entered a bazaar
 41150 | Bazaar   | Found Moaliapn's Antique Weapon Emporium.
 41163 | Bazaar   | Found Raenucas's Antique Weapon Shoppe.
 41180 | Bazaar   | Found Mesedil's Antique Armour Shoppe.
 41191 | Bazaar   | Found Zowism's Antique Armour Emporium.
 41196 | Bazaar   | Bought a scorched chain mail for 304 gold pieces
 41196 | Bazaar   | Identified the +3 chain mail of the Harvest {rElec rF-
                  | Int-4 Stlth+} (You bought it in a shop in a bazaar)
 41196 | Bazaar   | Bought a bronze plate armour for 896 gold pieces
 41196 | Bazaar   | Identified the +0 plate armour "Deaf" {rC++} (You bought it
                  | in a shop in a bazaar)
 41242 | Vaults:2 | Bought a masterwork demon blade for 660 gold pieces
 41242 | Vaults:2 | Identified the +5 demon blade of the Mind {freeze, rF+ rC-
                  | Str+3 Dex+3} (You bought it in a shop on level 2 of the
                  | Vaults)
 41469 | Vaults:2 | Found Piskun's Book Shoppe.
 41477 | Vaults:2 | Bought a book of Changes for 306 gold pieces
 41480 | Vaults:2 | Learned a level 2 spell: Wereblood
 41545 | Vaults:2 | Reached skill level 1 in Transmutations
 41805 | Vaults:2 | Identified the +4 hat "Qunats" {Int+3 Dex+3} (Okawaru
                  | gifted it to you on level 2 of the Vaults)
 41805 | Vaults:2 | Received a gift from Okawaru
 42087 | Vaults:2 | Found Woakh's General Store.
 42287 | Vaults:3 | Found a staircase to the Crypt.
 42831 | Vaults:3 | Reached skill level 5 in Transmutations
 43097 | Vaults:3 | Received a gift from Okawaru
 43885 | Vaults:4 | Found Biut's Distillery.
 43922 | Vaults:4 | Bought a potion of haste for 210 gold pieces
 43922 | Vaults:4 | Bought a potion of heal wounds for 105 gold pieces
 43979 | Vaults:4 | Found Rufanem's Weapon Shop.
 44019 | Vaults:4 | Identified the +3 buckler of the Desolation of Salt
                  | {Rampage rC- Will++ Dex+4}
 44084 | Vaults:4 | Found Podunoill's Antique Armour Boutique.
 44092 | Vaults:4 | Bought a spiked helmet for 351 gold pieces
 44092 | Vaults:4 | Identified the +0 helmet "Hith" {Dex+3} (You bought it in a
                  | shop on level 4 of the Vaults)
 44203 | Vaults:4 | Reached XP level 22. HP: 175/175 MP: 30/30
 44371 | Vaults:4 | Found Qosch's Antique Armour Shoppe.
 44533 | Vaults:4 | Identified the +0 plate armour of Menafeezote {rN++ rCorr
                  | Str-4 Stlth+}
 44947 | Depths:1 | Entered Level 1 of the Depths
 46004 | Depths:1 | Received a gift from Okawaru
 46058 | Depths:1 | Received a gift from Okawaru
 46144 | Depths:1 | Found a one-way gate leading to the halls of Pandemonium.
 46554 | Depths:1 | Found a gateway to Hell.
 46738 | Depths:2 | Reached skill level 10 in Transmutations
 46947 | Depths:2 | Noticed a juggernaut
 47369 | Depths:2 | Identified the +1 shortbow "Paidi" {elec, rN+ Str+5 Int+4}
 47372 | Depths:2 | Identified the amulet "Julem" {Acrobat +Inv rPois Str+2}
 47395 | Depths:2 | Killed a juggernaut
 47395 | Depths:2 | Received a gift from Okawaru
 47638 | Depths:2 | Found Oneomia's Assorted Antiques.
 47638 | Depths:2 | Found Hugutilo's Distillery.
 47642 | Depths:2 | Found Yluk's Antique Armour Shop.
 47920 | Depths:2 | Noticed a golden dragon
 47926 | Depths:2 | Reached XP level 23. HP: 122/183 MP: 28/31
 47932 | Depths:2 | Killed a golden dragon
 48015 | Depths:2 | Identified the +0 scale mail of the Game of Kings {Int+4}
 48074 | Depths:2 | Identified the staff of earth "Liel" {rC++ SInv}
 48150 | Depths:2 | Identified the +4 dagger of Untimely Demise {antimagic, rF+
                  | Str+3}
 48200 | Depths:2 | Identified the ring "Leic" {rN+ Will+ Int-2 Dex+6}
 48206 | Depths:2 | Noticed a caustic shrike
 48212 | Depths:2 | Killed a caustic shrike
 48522 | Depths:2 | Identified the +4 long sword of the Thirteen Curses {heavy,
                  | Drain rPois rN+ Stlth+}
 48827 | Depths:3 | Identified the +10 plate armour of Bedevilment {Regen+
                  | Str+3 Stlth+}
 48827 | Depths:3 | Noticed a golden dragon
 48838 | Depths:3 | Killed a golden dragon
 48985 | Depths:3 | Found a corrupted altar of Lugonu.
 48985 | Depths:3 | Found a one-way gate to the infinite horrors of the Abyss.
 49097 | Depths:3 | Received a gift from Okawaru
 49452 | Depths:3 | Noticed a golden dragon
 49467 | Depths:3 | Killed a golden dragon
 49509 | Depths:3 | Noticed a caustic shrike
 49514 | Depths:3 | Killed a caustic shrike
 49745 | Depths:4 | Entered Level 4 of the Depths
 50339 | Depths:4 | Noticed the Enchantress
 50360 | Depths:4 | Received a gift from Okawaru
 50379 | Depths:4 | Killed the Enchantress
 50585 | Depths:4 | Found a one-way gateway to a ziggurat.
 50811 | Depths:4 | Noticed a golden dragon
 50818 | Depths:4 | Killed a golden dragon
 50818 | Depths:4 | Identified the +9 short sword of Drought {venom, *Rage
                  | Str+3 Stlth+} (Okawaru gifted it to you on level 4 of the
                  | Depths)
 50818 | Depths:4 | Received a gift from Okawaru
 50842 | Depths:4 | Found a gate to the Realm of Zot.
 51214 | Vaults:5 | Entered Level 5 of the Vaults
 51215 | Vaults:5 | Noticed a golden dragon
 51236 | Vaults:5 | Noticed a dread lich
 51244 | Vaults:5 | Killed a dread lich
 51286 | Vaults:5 | Noticed an ancient lich
 51289 | Vaults:5 | Noticed a golden dragon
 51304 | Vaults:5 | Killed an ancient lich
 51305 | Vaults:5 | Reached XP level 24. HP: 197/197 MP: 31/31
 51940 | Vaults:5 | Noticed an ancient lich
 51975 | Vaults:5 | Reached skill level 15 in Throwing
 51979 | Vaults:5 | Reached skill level 15 in Evocations
 51985 | Vaults:5 | Killed an ancient lich
 51985 | Vaults:5 | Received a gift from Okawaru
 52269 | Vaults:5 | Identified the ring "Tomeoviq" {Dex+3 SInv}
 52279 | Vaults:5 | Reached skill level 1 in Spellcasting
 52468 | Vaults:5 | Identified the staff of air "Tusiyxt" {rElec Dex+6}
 52473 | Vaults:5 | Received a gift from Okawaru
 52498 | Vaults:5 | Identified the +9 flail "Omelette" {venom, rPois rC+++
                  | Will++ Str-2}
 52537 | Vaults:5 | Got Sif Muna's Parchment of Geological Interference
 52832 | Vaults:5 | Noticed an ancient lich
 52841 | Vaults:5 | Killed an ancient lich
 53040 | Vaults:5 | Got a silver rune of Zot
 53341 | Vaults:5 | Received a gift from Okawaru
 54421 | Slime:1  | Entered Level 1 of the Pits of Slime
 54443 | Slime:1  | Reached XP level 25. HP: 195/207 MP: 26/31
 54671 | Slime:2  | Noticed Dissolution
 54684 | Slime:2  | Killed Dissolution
 54684 | Slime:2  | Identified the +16 plate armour of Egisig {Harm} (Okawaru
                  | gifted it to you on level 2 of the Pits of Slime)
 54684 | Slime:2  | Received a gift from Okawaru
 54725 | Slime:2  | You are sucked into a shaft and drop 1 floor!
 55312 | Slime:5  | Entered Level 5 of the Pits of Slime
 55541 | Slime:5  | Found a viscous altar of Jiyva.
 55541 | Slime:5  | Noticed the Royal Jelly
 55568 | Slime:5  | Killed the Royal Jelly
 55632 | Slime:5  | Identified the ring "Zetywuf" {rPois rF+ Str+2 Int-4 Dex+9}
 55651 | Slime:5  | Got a slimy rune of Zot
 55673 | Slime:5  | Identified the +2 rapier of the Beginning {freeze, rN+
                  | Str+2}
 55682 | Slime:5  | Got Lesar's Elucidation of Putrescence and the Nimbus
 55685 | Slime:5  | Identified the ring "Jaloc" {AC+4 Str+2 Dex+4}
 55713 | Slime:5  | Identified the +0 great sword of the Fray {heavy, rN+
                  | Dex+3}
 55724 | Slime:5  | Identified the staff of earth "Tiam" {*Slow rPois Str+5
                  | Dex+4}
 55725 | Slime:5  | Identified the ring "Idghosips" {rF+++ rC+ rCorr MP+9
                  | Stlth+}
 55754 | Slime:5  | Identified the staff of cold "Odupn" {rElec rC+ Stlth+}
 56253 | Zot:1    | Entered Level 1 of the Realm of Zot
 56297 | Zot:1    | Reached skill level 15 in Armour
 56634 | Zot:1    | Received a gift from Okawaru
 56941 | Zot:1    | Received a gift from Okawaru
 57332 | Zot:1    | Reached skill level 10 in Translocations
 57344 | Zot:1    | Received a gift from Okawaru
 58085 | Zot:2    | Reached XP level 26. HP: 203/220 MP: 31/31
 58474 | Zot:2    | Identified the +6 scale mail of Peek-a-Boo {Int+3} (Okawaru
                  | gifted it to you on level 2 of the Realm of Zot)
 58474 | Zot:2    | Received a gift from Okawaru
 60916 | Zot:5    | Entered Level 5 of the Realm of Zot
 61031 | Zot:5    | Identified the +1 leather armour of the Furrier {rElec}
 61242 | Zot:5    | Identified the +6 great sword "Qeukhe Loen" {venom, Contam
                  | rCorr Dex+5} (Okawaru gifted it to you on level 5 of the
                  | Realm of Zot)
 61242 | Zot:5    | Received a gift from Okawaru
 62068 | Zot:5    | Noticed an orb of fire
 62068 | Zot:5    | Gained mutation: Your magical capacity is low. (-10% MP)
                  | [an orb of fire]
 62076 | Zot:5    | Killed an orb of fire
 62076 | Zot:5    | Received a gift from Okawaru
 62081 | Zot:5    | Noticed an orb of fire
 62085 | Zot:5    | Noticed a Killer Klown
 62086 | Zot:5    | Noticed a Killer Klown
 62091 | Zot:5    | Killed an orb of fire
 62091 | Zot:5    | Killed a Killer Klown
 62092 | Zot:5    | Reached XP level 27. HP: 119/231 MP: 28/28
 62128 | Zot:5    | Received a gift from Okawaru
 62128 | Zot:5    | Found the +10 zealot's sword {holy, Zealotry, *Rage rN+
                  | EV+3}
 62595 | Zot:5    | Noticed an orb of fire
 62608 | Zot:5    | Gained mutation: Your magical capacity is very low. (-20%
                  | MP) [an orb of fire]
 62611 | Zot:5    | Killed an orb of fire
 63611 | Zot:5    | Got the Orb of Zot
 63663 | Zot:5    | Received a gift from Okawaru
 63711 | Zot:3    | Noticed Elohovis the pandemonium lord
 64253 | D:$      | Escaped with the Orb!

Illustrated notes

Levels and vault maps discovered:
D:1:      dpeg_arrival_round_a, layout_loops_ring,
          shapermc_ecumenical_altar_petra
D:2:      minmay_chambers_of_ones, layout_loops_ring, kennysheep_another_room
D:3:      layout_basic
D:4:      layout_cave_pools, nicolae_qazlal_scattered_showers,
          mainiacjoe_overflow_cross_hatched, minmay_temple_entry_gardened_gates
D:5:      layout_rooms
D:6:      layout_basic, fiery_altar_vehumet, nicolae_shop_clearance,
          uniq_sigmund
D:7:      layout_basic, nicolae_overflow_hallway_of_the_gods,
          ebering_dispersal_statue_hall
D:8:      cheibrodos_fzero, layout_basic, nicolae_shop_i_like_big_books,
          skrybe_limestone_x, nicolae_letterblocks [nicolae_letter_subblock,
          nicolae_letter_subblock, nicolae_letter_subblock,
          nicolae_letter_subblock, nicolae_letter_subblock,
          nicolae_letter_subblock, nicolae_letter_subblock,
          nicolae_letter_subblock, nicolae_letter_subblock,
          nicolae_letter_subblock, nicolae_letter_subblock,
          nicolae_letter_subblock, nicolae_letter_subblock,
          nicolae_letter_subblock, nicolae_letter_subblock,
          nicolae_letter_subblock, nicolae_letter_subblock,
          nicolae_letter_subblock, nicolae_letter_subblock,
          nicolae_letter_subblock, nicolae_letter_subblock,
          nicolae_letter_subblock, nicolae_letter_subblock,
          nicolae_letter_subblock, nicolae_letter_subblock]
D:9:      layout_cave_pools, mainiacjoe_overflow_24_doors, eino_jars
D:10:     layout_irregular_city, mainiacjoe_overflow_concentric_impassable,
          dpeg_lair_monsters, ebering_ghost_inner_flame, serial_shops,
          kennysheep_little_box, enter_bailey_2
D:11:     layout_stronghold, uniq_snorg, uniq_maurice
D:12:     layout_basic, chequers_mini_garden, guppyfry_shop_blood
D:13:     layout_irregular_city, grunt_vaults_entry_tiered
D:14:     kennysheep_blocky_hall, layout_cave_pools, hangedman_decor_growths
D:15:     grunt_enter_depths_giant_problem, layout_basic,
          portal_ice_cave_entry_ice_simulacra, nicolae_gozag_zags_fifth_avenue,
          uniq_josephine
Lair:1:   layout_chaotic_city, basic_altar
Lair:2:   beast_lair_carwin_large_2, layout_gridlike, shoals_dummy_entry,
          nicolae_spider_entry_orb_guardian, minmay_holes
Lair:3:   layout_loops_ring, chequers_serial_rivers_small_3,
          infiniplex_staircase_pool_2, grunt_megastairs_4
Lair:4:   layout_concentric_octagons, nicolae_lair_run_with_the_wolves
Lair:5:   guppyfry_lair_end_dragon, layout_misc_corridors,
          dpeg_slime_entry_enclosed
Shoals:1: layout_shoals, serial_shops, nicolae_shop_peninsula, shop, shop,
          nicolae_shoals_kraken_intersection, uniq_mlioglotl, uniq_aizul
Shoals:2: layout_shoals, nicolae_shoals_beach_house_on_fowls_legs
Shoals:3: layout_shoals
Shoals:4: shoals_end_grunt_ice, layout_shoals, shoal_ilsuiw,
          nicolae_shoals_secluded_bog
Spider:1: layout_spider_delve
Spider:2: layout_spider_delve
Spider:3: layout_spider_delve, dreamdust_wasp_nest, uniq_roxanne,
          uniq_bai_suzhen, uniq_louise
Spider:4: spider_rune_water, nicolae_spider_orb_run
Slime:1:  layout_caves
Slime:2:  layout_caves, uniq_dissolution
Slime:3:  layout_caves, nicolae_slime_getting_an_eyeful
Slime:4:  layout_caves
Slime:5
Orc:1:    orc_temple, layout_diamond_mine, basic_altar, lightli_orcish_oven
Orc:2:    st_orc_open, layout_diamond_mine, bloody_makhleb, uniq_rupert
Elf:1:    eino_elf_arrival_customs, layout_gridlike, hangedman_corner_corridor
Elf:2:    nicolae_elf_blades_splatter_lattice [nicolae_blade_bullseye],
          layout_geoelf_octagon, minmay_checkered_concentric_circles
Elf:3:    minmay_elf_hall_furrowed, layout_geoelf_diagonals, grunt_megastairs_3
Vaults:1: nicolae_vaults_shipping_containers_3, vaults_mumra_lcd,
          nicolae_vaults_circle_grid_a, v_pattern_3,
          nicolae_vaults_trapezoid_lopsided_1, nicolae_vaults_little_squares_3,
          grunt_vaults_hallway_long, layout_vaults_omnigrid
Vaults:2: nicolae_vaults_sealed_display, nicolae_vaults_closet_pinwheel_4,
          nicolae_vaults_network_periphery, v_misc_3, nicolae_vaults_alarming,
          vaults_room_grid, ontoclasm_vaults_bender,
          nicolae_vaults_quartermaster, hangedman_vaults_cutoff, v_misc_15,
          vaults_dpeg_diagonal, nicolae_vaults_tangram_1,
          layout_vaults_omnicross, serial_shops, bzr_entry_water, shop, shop,
          nicolae_shop_crystal
Vaults:3: nicolae_vaults_hexular_roomagon, vaults_mumra_chevron_long,
          minmay_crypt_entry_simple_box, hangedman_vaults_snaps,
          hangedman_vaults_nails, nicolae_vaults_border_crossing,
          vaults_standard_mumra_lines, v_misc_19,
          nicolae_vaults_little_squares_4, vaults_room_door_hall,
          vaults_room_corners, vaults_room_semicircle,
          layout_vaults_chaotic_city
Vaults:4: nicolae_vaults_offset_grid_hallway_1, hangedman_vaults_cutoff,
          hangedman_vaults_cutoff, nicolae_vaults_tetromino_L_2, v_misc_26,
          vaults_mumra_bighexcomb, nicolae_vaults_trapezoid_3,
          nicolae_vaults_trapezoid_layered, nicolae_vaults_little_squares_1,
          layout_vaults_ring, serial_shops, nicolae_shop_hallway_plus,
          nicolae_shop_crystal, nicolae_shop_tiny_statue_garden,
          nicolae_diamond_shop
Vaults:5: serial_shops
Depths:1: layout_cross, lightli_too_deep, pan_entry, kennysheep_small_circle
Depths:2: minmay_complete_graph, layout_small_grid, rand_demon_pan_entry_9,
          hell_entry, minmay_shop_star, infiniplex_staircase_squiggle
Depths:3: cross_vault, layout_cave_pools, abyss_entry_flame_altar, hell_entry,
          grunt_pan_entry_zigzag, solitary_fountain,
          serial_sigils_hangedman_scar
Depths:4: evilmike_zot_entry_gauntlet, layout_gridlike, enter_ziggurat_c,
          hangedman_geh_valley, abyss_entry, chequers_serial_rivers_micro_e,
          nrook_pool_corridor, uniq_enchantress
Zot:1:    layout_basic, grunt_megastairs_5, uniq_josephina
Zot:2:    layout_onion_interference
Zot:3:    layout_basic
Zot:4:    layout_gridlike
Zot:5:    layout_basic

Skill      XL: |  1  2  3  4  5  6  7  8  9 10 11 12 13 14 15 16 17 18 19 20 21 22 23 24 25 26 27 |
---------------+----------------------------------------------------------------------------------+-----
Long Blades    | 3 4 5 6 7 8 10 12 13 14 15 16 18 19 20 21 | 21.8
Invocations    | 3 4 5 6 7 8 10 11 | 11.0
Short Blades   | 4 |  4.4
Dodging        | 2 5 8 10 12 14 15 16 17 18 19 20 21 22 | 22.0
Stealth        | 2 4 5 |  5.0
Fighting       | 4 5 7 9 10 11 13 14 15 18 19 20 22 | 22.0
Armour         | 3 5 6 8 11 12 13 14 15 16 17 | 17.9
Shields        | 4 5 6 9 |  9.0
Throwing       | 3 6 8 10 11 12 13 14 16 | 16.0
Evocations     | 2 5 7 9 11 12 14 15 | 15.0
Translocations | 3 5 6 8 10 12 | 12.0
Transmutations | 7 11 12 | 12.0
Spellcasting   | 2 |  2.0

Action                     |  1- 3 |  4- 6 |  7- 9 | 10-12 | 13-15 | 16-18 | 19-21 | 22-24 | 25-27 || total
---------------------------+-------+-------+-------+-------+-------+-------+-------+-------+-------++-------
  Melee: Long sword        |    65 |    56 |   299 |   296 |       |       |       |       |       ||   716
         Dagger            |    39 |   123 |   123 |    13 |       |       |       |       |       ||   298
         War axe           |       |       |       |     8 |       |       |       |       |       ||     8
         Demon blade       |       |       |       |   308 |  1494 |  1632 |  1412 |  1563 |   998 ||  7407
         Tailslap          |       |       |       |       |       |    39 |     2 |    18 |     2 ||    61
  Throw: Dart              |       |       |     4 |    13 |    11 |       |       |       |       ||    28
         Boomerang         |       |       |       |    28 |    45 |    88 |    54 |   148 |   241 ||   604
         Javelin           |       |       |       |       |     1 |       |       |     5 |    34 ||    40
         Throwing net      |       |       |       |       |       |       |       |       |     2 ||     2
   Cast: Wereblood         |       |       |       |       |       |       |       |    59 |    37 ||    96
         Blink             |       |       |       |       |       |       |       |     1 |       ||     1
 Invoke: Heroism           |       |       |     1 |     3 |     3 |       |       |     1 |     4 ||    12
         Finesse           |       |       |       |       |     1 |     1 |     2 |       |     2 ||     6
         Duel              |       |       |       |       |       |       |     1 |       |       ||     1
  Evoke: Wand              |       |       |     1 |     3 |     2 |     5 |       |     2 |     5 ||    18
         Lightning rod     |       |       |       |       |     3 |     4 |     8 |    11 |       ||    26
         Condenser vane    |       |       |       |       |       |     1 |     3 |     2 |     2 ||     8
    Use: Scroll            |       |     5 |     4 |    16 |     3 |     6 |     5 |     2 |     9 ||    50
         Potion            |       |     2 |       |     3 |       |     1 |     1 |     4 |     2 ||    13
   Stab: Distracted        |       |       |       |     1 |       |       |     1 |       |       ||     2
         Petrifying        |       |       |       |     2 |       |       |       |       |       ||     2
         Petrified         |       |       |       |     2 |       |       |       |       |       ||     2
         Sleeping          |       |       |       |     1 |       |     2 |       |       |       ||     3
         Confused          |       |       |       |       |     2 |       |       |       |       ||     2
         Held in net/web   |       |       |       |       |       |       |       |       |     4 ||     4
 Armour: Scale mail        |    41 |    78 |   161 |    92 |       |       |       |       |       ||   372
         Crystal plate arm |       |       |       |    30 |       |       |       |       |       ||    30
         Plate armour      |       |       |       |    28 |   651 |   598 |   433 |   388 |   294 ||  2392
         Acid dragon scale |       |       |       |    26 |       |       |       |       |       ||    26
         Ice dragon scales |       |       |       |       |       |   104 |       |       |       ||   104
         Skin              |       |       |       |       |       |     1 |       |       |       ||     1
  Dodge: Dodged            |    22 |    61 |   114 |   221 |   490 |   751 |   666 |   833 |   671 ||  3829
  Block: Buckler           |    23 |    28 |   118 |   254 |   783 |   833 |   651 |   698 |   479 ||  3867
         Reflection        |       |       |     2 |    10 |    20 |    29 |    72 |    28 |     4 ||   165

Table legend: (Time is in decaauts)
 A = Elapsed time spent in this place.
 B = Non-inter-level travel time spent in this place.
 C = Inter-level travel time spent in this place.
 D = Time resting spent in this place.
 E = Time spent auto-exploring this place.
 F = Levels seen in this place.
 G = Mean time per level.
                   A        B        C        D        E       F      G
               +--------+--------+--------+--------+--------+-----+--------+
         Total |  60224 |  54095 |   6129 |  12645 |  28291 |  56 | 1075.4 |
       Dungeon |  18301 |  15978 |   2323 |   4130 |   8288 |  15 | 1220.1 |
          Lair |   5015 |   4119 |    896 |    316 |   2766 |   5 | 1003.0 |
        Shoals |   4318 |   4072 |    246 |   1146 |   2012 |   4 | 1079.5 |
   Spider Nest |   3751 |   3338 |    413 |    676 |   1755 |   4 |  937.8 |
    Slime Pits |   1368 |   1266 |    102 |    129 |    629 |   5 |  273.6 |
  Orcish Mines |   2322 |   1839 |    483 |     57 |   1192 |   2 | 1161.0 |
   Elven Halls |   3521 |   3081 |    440 |    404 |   1775 |   3 | 1173.7 |
        Vaults |   7273 |   6657 |    616 |    984 |   3932 |   5 | 1454.6 |
        Depths |   5690 |   5321 |    369 |   1619 |   2382 |   4 | 1422.5 |
           Zot |   6655 |   6419 |    236 |   2433 |   2828 |   5 | 1331.0 |
        Bazaar |     65 |     65 |      0 |      0 |     62 |   1 |   65.0 |
        Bailey |    530 |    530 |      0 |      0 |    314 |   1 |  530.0 |
      Ice Cave |   1386 |   1386 |      0 |    737 |    354 |   1 | 1386.0 |
         Arena |     24 |     24 |      0 |     11 |      0 |   1 |   24.0 |
               +--------+--------+--------+--------+--------+-----+--------+

Top non-repeatable levels by time:
   Zot:5: 2587 daAuts
Depths:2: 2335 daAuts
     D:8: 2259 daAuts
Vaults:5: 2036 daAuts
   Elf:3: 1826 daAuts
Depths:4: 1739 daAuts
    D:10: 1701 daAuts
     D:4: 1573 daAuts
Spider:4: 1533 daAuts
Vaults:3: 1521 daAuts
Vaults:1: 1416 daAuts
     D:6: 1410 daAuts
Shoals:4: 1389 daAuts
   IceCv: 1386 daAuts
   Zot:4: 1356 daAuts
